TOP OF THE 1ST |
---|
Scottsdale Scorpions batting - Pitching for State College Spikes : LHP Dan Brown | Pitching: LHP Dan Brown | | Batting: LHB Ernesto Hernández | 0-0: Ball 1-0: Swinging Strike 1-1: Fly out, F5 (Popup, 5) | Batting: RHB Steve Boyer | 0-0: Ball 1-0: Ball 2-0: Ball 3-0: Called Strike 3-1: Called Strike 3-2: Strikes out looking | Batting: SHB Arnold Moore | 0-0: Ball 1-0: Ball 2-0: Ball 3-0: Base on Balls | Batting: RHB Edgardo Gonzáles | 0-0: Foul Ball, location: 2F 0-1: Ball 1-1: Ball 2-1: Ball 3-1: Base on Balls Arnold Moore to second | Batting: LHB Pedro Díaz | 0-0: Ball 1-0: Ball 2-0: Called Strike 2-1: Ball 3-1: Base on Balls Arnold Moore to third Edgardo Gonzáles to second | Batting: LHB Manny Vigil | 0-0: Ball 1-0: Ball 2-0: Called Strike 2-1: Ball 3-1: Foul Ball, location: 2F 3-2: Base on Balls Arnold Moore scores Edgardo Gonzáles to third Pedro Díaz to second | Batting: RHB José Méndez | 0-0: Called Strike 0-1: Ball 1-1: Ball 2-1: Foul Ball, location: 2F 2-2: Fly out, F7 (Flyball, 78S) | Top of the 1st over - 1 run, 0 hits, 0 errors, 3 left on base; Scottsdale 1 - State College 0 | BOTTOM OF THE 1ST |
---|
State College Spikes batting - Pitching for Scottsdale Scorpions : RHP Gilberto Delgado | Pitching: RHP Gilberto Delgado | | Batting: RHB Juan Camacho | 0-0: Ball 1-0: Called Strike 1-1: Foul Ball, location: 2F 1-2: Ball 2-2: Strikes out swinging | Batting: RHB Andrew Pinto | 0-0: Ball 1-0: Ball 2-0: Ball 3-0: Called Strike 3-1: Called Strike 3-2: Strikes out looking | Batting: SHB Patrizio Batistuta | 0-0: Called Strike 0-1: Ball 1-1: Called Strike 1-2: Strikes out swinging | Bottom of the 1st over - 0 runs, 0 hits, 0 errors, 0 left on base; Scottsdale 1 - State College 0 | TOP OF THE 2ND |
---|
Scottsdale Scorpions batting - Pitching for State College Spikes : LHP Dan Brown | Batting: LHB Tony Ayala | 0-0: Swinging Strike 0-1: Ball 1-1: Called Strike 1-2: Fly out, F8 (Line Drive, 78D) | Batting: RHB Robinson Fernández | 0-0: Ball 1-0: Foul Ball, location: 2F 1-1: Ball 2-1: Fly out, F4 (Popup, 34) | Batting: LHB Ernesto Hernández | 0-0: Ground out 6-3 (Groundball, 6) | Top of the 2nd over - 0 runs, 0 hits, 0 errors, 0 left on base; Scottsdale 1 - State College 0 | BOTTOM OF THE 2ND |
---|
State College Spikes batting - Pitching for Scottsdale Scorpions : RHP Gilberto Delgado | Batting: RHB Ira Ross | 0-0: Called Strike 0-1: Ground out 6-3 (Groundball, 6) | Batting: SHB Nuno Fonseca | 0-0: Ball 1-0: SOLO HOME RUN (Flyball, 7LD), Distance : 329 ft | Batting: LHB Javier Morales | 0-0: Called Strike 0-1: Ground out 4-3 (Groundball, 34) | Batting: RHB Sergio Serrano | 0-0: Ball 1-0: Swinging Strike 1-1: SINGLE (Groundball, 56D) | Batting: RHB Héctor Villarreal | 0-0: Ball 1-0: SINGLE (Line Drive, 9S) Sergio Serrano to second | Batting: RHB Gustavo Martínez | 0-0: Called Strike 0-1: Ball 1-1: Ball 2-1: Called Strike 2-2: Foul Ball, location: 2F 2-2: Foul Ball, location: 2F 2-2: Strikes out swinging | Bottom of the 2nd over - 1 run, 3 hits, 0 errors, 2 left on base; Scottsdale 1 - State College 1 | TOP OF THE 3RD |
---|
Scottsdale Scorpions batting - Pitching for State College Spikes : LHP Dan Brown | Batting: RHB Steve Boyer | 0-0: Ball 1-0: Ball 2-0: Swinging Strike 2-1: Foul Ball, location: 2F 2-2: Foul Ball, location: 2F 2-2: Ball 3-2: Strikes out swinging | Batting: SHB Arnold Moore | 0-0: Ball 1-0: Ball 2-0: Called Strike 2-1: Ball 3-1: Called Strike 3-2: Ground out U3 (Groundball, 34S) | Batting: RHB Edgardo Gonzáles | 0-0: Called Strike 0-1: Swinging Strike 0-2: Ball 1-2: Strikes out swinging | Top of the 3rd over - 0 runs, 0 hits, 0 errors, 0 left on base; Scottsdale 1 - State College 1 | BOTTOM OF THE 3RD |
---|
State College Spikes batting - Pitching for Scottsdale Scorpions : RHP Gilberto Delgado | Batting: RHB Juan Camacho | 0-0: Swinging Strike 0-1: SINGLE (Groundball, 4MD) | Batting: RHB Andrew Pinto | 0-0: Ball 1-0: Ball 2-0: Foul Ball, location: 2F 2-1: Ball 3-1: Fly out, F9 (Flyball, 89D) | Batting: SHB Patrizio Batistuta | 0-0: Ground out U3 (Groundball, 3S) Juan Camacho to second | Batting: RHB Ira Ross | 0-0: Ball 1-0: Called Strike 1-1: Called Strike 1-2: Foul Ball, location: 2F 1-2: Foul Ball, location: 2F 1-2: Ball 2-2: Ball 3-2: Strikes out swinging | Bottom of the 3rd over - 0 runs, 1 hit, 0 errors, 1 left on base; Scottsdale 1 - State College 1 | TOP OF THE 4TH |
---|
Scottsdale Scorpions batting - Pitching for State College Spikes : LHP Dan Brown | Batting: LHB Pedro Díaz | 0-0: Foul Ball, location: 2F 0-1: Foul Ball, location: 2F 0-2: Ball 1-2: Ball 2-2: Ball 3-2: Foul Ball, location: 2F 3-2: Foul Ball, location: 2F 3-2: Base on Balls | Batting: LHB Manny Vigil | 0-0: Ball 1-0: Ball 2-0: Fly out, F8 (Line Drive, 8LS) | Batting: RHB José Méndez | 0-0: Called Strike 0-1: Ball 1-1: Called Strike 1-2: Foul Ball, location: 2F 1-2: SINGLE (Line Drive, 8RS) Pedro Díaz to second | Batting: LHB Tony Ayala | 0-0: Ball 1-0: Ball 2-0: Called Strike 2-1: Ball 3-1: Base on Balls Pedro Díaz to third José Méndez to second | Batting: RHB Robinson Fernández | 0-0: Ball 1-0: Ball 2-0: Ball 3-0: Base on Balls Pedro Díaz scores José Méndez to third Tony Ayala to second | Batting: LHB Ernesto Hernández | 0-0: Swinging Strike 0-1: Called Strike 0-2: Ball 1-2: Strikes out swinging | Batting: RHB Steve Boyer | 0-0: Ball 1-0: Called Strike 1-1: Foul Ball, location: 2F 1-2: Strikes out swinging | Top of the 4th over - 1 run, 1 hit, 0 errors, 3 left on base; Scottsdale 2 - State College 1 | BOTTOM OF THE 4TH |
---|
State College Spikes batting - Pitching for Scottsdale Scorpions : RHP Gilberto Delgado | Batting: SHB Nuno Fonseca | 0-0: Ball 1-0: Foul Ball, location: 2F 1-1: DOUBLE (Flyball, 8RXD) | Batting: LHB Javier Morales | 0-0: Ground out U3 (Groundball, 3S) Nuno Fonseca to third | Batting: RHB Sergio Serrano | 0-0: Called Strike 0-1: Ball 1-1: Ball 2-1: Called Strike 2-2: Foul Ball, location: 2F 2-2: 2-RUN HOME RUN (Line Drive, 7LD), Distance : 317 ft | Batting: RHB Héctor Villarreal | 0-0: Ball 1-0: Called Strike 1-1: Foul Ball, location: 2F 1-2: Fly out, F4 (Flyball, 4MD) | Batting: RHB Gustavo Martínez | 0-0: Ball 1-0: Fly out, F9 (Flyball, 9S) | Bottom of the 4th over - 2 runs, 2 hits, 0 errors, 0 left on base; Scottsdale 2 - State College 3 | TOP OF THE 5TH |
---|
Scottsdale Scorpions batting - Pitching for State College Spikes : LHP Dan Brown | Pitching: RHP Nelson Rivera | | Batting: SHB Arnold Moore | 0-0: Ball 1-0: Ground out 6-3 (Groundball, 6) | Batting: RHB Edgardo Gonzáles | 0-0: Called Strike 0-1: Ball 1-1: Ball 2-1: Ball 3-1: Base on Balls | Batting: LHB Pedro Díaz | 0-0: Fly out, F7 (Flyball, 78D) | Batting: LHB Manny Vigil | 0-0: Called Strike 0-1: Called Strike 0-2: Ball 1-2: Strikes out swinging | Top of the 5th over - 0 runs, 0 hits, 0 errors, 1 left on base; Scottsdale 2 - State College 3 | BOTTOM OF THE 5TH |
---|
State College Spikes batting - Pitching for Scottsdale Scorpions : RHP Gilberto Delgado | Batting: RHB Juan Camacho | 0-0: Ball 1-0: Ball 2-0: Ball 3-0: Base on Balls | Batting: RHB Andrew Pinto | 0-0: Ball 1-0: Ball 2-0: Ball 3-0: Base on Balls Juan Camacho to second | Batting: SHB Patrizio Batistuta | 0-0: Ball 1-0: Fly out, F9 (Line Drive, 9D) Runner from 2nd tags up, SAFE at 3rd, no throw | Batting: RHB Ira Ross | Pickoff Throw to First - Error! E1 Juan Camacho scores Andrew Pinto to second 0-0: Ball Throwing error on steal attempt, E2 Andrew Pinto scores 1-0: Ball 2-0: Foul Ball, location: 2F 2-1: Foul Ball, location: 2F 2-2: SINGLE (Groundball, 34S) (infield hit) | Pitching: RHP José Amaya | | Batting: SHB Nuno Fonseca | 0-0: Ball 1-0: Ball 2-0: Ball 3-0: Base on Balls Ira Ross to second | Batting: LHB Javier Morales | 0-0: Called Strike 0-1: Ball 1-1: Swinging Strike 1-2: Ball 2-2: Foul Ball, location: 2F 2-2: Ball 3-2: Foul Ball, location: 2F 3-2: Base on Balls Ira Ross to third Nuno Fonseca to second | Batting: RHB Sergio Serrano | 0-0: Called Strike 0-1: Swinging Strike 0-2: Foul Ball, location: 2F 0-2: Ball 1-2: Ball 2-2: Foul Ball, location: 2F 2-2: Strikes out swinging | Batting: RHB Héctor Villarreal | 0-0: Called Strike 0-1: Foul Ball, location: 2F 0-2: Strikes out swinging | Bottom of the 5th over - 2 runs, 1 hit, 2 errors, 3 left on base; Scottsdale 2 - State College 5 | TOP OF THE 6TH |
---|
Scottsdale Scorpions batting - Pitching for State College Spikes : RHP Nelson Rivera | Batting: RHB José Méndez | 0-0: Ball 1-0: SINGLE (Groundball, 6MD) | Batting: LHB Tony Ayala | 0-0: Ball 1-0: SINGLE (Line Drive, 34D) José Méndez to second | Batting: RHB Robinson Fernández | 0-0: Ball 1-0: Ball 2-0: Fly out, F9 (Flyball, 9LDF) Runner from 2nd tags up, SAFE at 3rd, no throw | Batting: LHB Ernesto Hernández | 0-0: Called Strike 0-1: Foul Ball, location: 2F 0-2: Ball 1-2: Ball 2-2: Hit by Pitch Tony Ayala to second | Batting: RHB Steve Boyer | 0-0: Called Strike 0-1: Ball 1-1: Foul Ball, location: 2F 1-2: Strikes out swinging | Batting: SHB Arnold Moore | 0-0: Called Strike 0-1: Swinging Strike 0-2: Foul Ball, location: 2F 0-2: Ball 1-2: Strikes out looking | Top of the 6th over - 0 runs, 2 hits, 0 errors, 3 left on base; Scottsdale 2 - State College 5 | BOTTOM OF THE 6TH |
---|
State College Spikes batting - Pitching for Scottsdale Scorpions : RHP José Amaya | Batting: RHB Gustavo Martínez | 0-0: Called Strike 0-1: Ball 1-1: Called Strike 1-2: Strikes out swinging | Batting: RHB Juan Camacho | 0-0: Ball 1-0: Called Strike 1-1: Ball 2-1: Fly out, F6 (Line Drive, 6M) | Batting: RHB Andrew Pinto | 0-0: Called Strike 0-1: Ball 1-1: Foul Ball, location: 2F 1-2: Foul Ball, location: 2F 1-2: Ball 2-2: Strikes out swinging | Bottom of the 6th over - 0 runs, 0 hits, 0 errors, 0 left on base; Scottsdale 2 - State College 5 | TOP OF THE 7TH |
---|
Scottsdale Scorpions batting - Pitching for State College Spikes : RHP Nelson Rivera | Batting: RHB Edgardo Gonzáles | 0-0: Ball 1-0: Ball 2-0: Fly out, F8 (Flyball, 78D) | Batting: LHB Pedro Díaz | 0-0: Called Strike 0-1: Foul Ball, location: 2F 0-2: Ball 1-2: Ball 2-2: Fly out, F9 (Flyball, 9LM) | Batting: LHB Manny Vigil | 0-0: Ball 1-0: Foul Ball, location: 2F 1-1: Ball 2-1: Ball 3-1: Base on Balls | Pitching: LHP Joe Jewell | | Batting: RHB José Méndez | 0-0: Ball 1-0: Ball 2-0: Ball 3-0: Called Strike 3-1: Base on Balls Manny Vigil to second | Batting: LHB Tony Ayala | 0-0: Called Strike 0-1: Ball 1-1: Foul Ball, location: 2F 1-2: Foul Ball, location: 2F 1-2: Foul Ball, location: 2F 1-2: Foul Ball, location: 2F 1-2: Ground out 4-3 (Groundball, 4) | Top of the 7th over - 0 runs, 0 hits, 0 errors, 2 left on base; Scottsdale 2 - State College 5 | BOTTOM OF THE 7TH |
---|
State College Spikes batting - Pitching for Scottsdale Scorpions : RHP José Amaya | Batting: SHB Patrizio Batistuta | 0-0: Foul Ball, location: 2F 0-1: Fly out, F8 (Flyball, 8RM) | Batting: RHB Ira Ross | 0-0: Ball 1-0: Foul Ball, location: 2F 1-1: SINGLE (Flyball, 89M) | Batting: SHB Nuno Fonseca | 0-0: Called Strike 0-1: Fielders Choice at 2nd, 6-4 (Groundball, 56) | Batting: LHB Javier Morales | 0-0: Ball 1-0: 2-RUN HOME RUN (Flyball, 89XD), Distance : 418 ft | Batting: RHB Sergio Serrano | 0-0: Ball 1-0: Ball 2-0: Ball 3-0: Called Strike 3-1: Foul Ball, location: 2F 3-2: DOUBLE (Line Drive, 7LM) | Batting: RHB Héctor Villarreal | 0-0: Intentional Walk | Batting: RHB Gustavo Martínez | 0-0: Called Strike 0-1: Fly out, F5 (Line Drive, 5S) | Bottom of the 7th over - 2 runs, 3 hits, 0 errors, 2 left on base; Scottsdale 2 - State College 7 | TOP OF THE 8TH |
---|
Scottsdale Scorpions batting - Pitching for State College Spikes : LHP Joe Jewell | Batting: RHB Robinson Fernández | 0-0: Ball 1-0: Ball 2-0: Ball 3-0: Base on Balls | Batting: LHB Ernesto Hernández | 0-0: Called Strike 0-1: Ball 1-1: Foul Ball, location: 2F 1-2: Strikes out swinging | Batting: RHB Steve Boyer | 0-0: Ball 1-0: Fly out, F3 (Popup, 34S) | Batting: SHB Arnold Moore | 0-0: Called Strike 0-1: Ball 1-1: Ball 2-1: Ball 3-1: Fielders Choice at 2nd, 6-4 (Groundball, 6) | Top of the 8th over - 0 runs, 0 hits, 0 errors, 1 left on base; Scottsdale 2 - State College 7 | BOTTOM OF THE 8TH |
---|
State College Spikes batting - Pitching for Scottsdale Scorpions : RHP José Amaya | Batting: RHB Juan Camacho | 0-0: Called Strike 0-1: Called Strike 0-2: Ball 1-2: Foul Ball, location: 2F 1-2: Foul Ball, location: 2F 1-2: Ball 2-2: Ball 3-2: Foul Ball, location: 2F 3-2: Fly out, F9 (Flyball, 9D) | Batting: RHB Andrew Pinto | 0-0: Ball 1-0: Called Strike 1-1: Ball 2-1: Ball 3-1: Ground out 3-1 (Groundball, 34S) | Pitching: RHP José Alvarado | | Batting: SHB Patrizio Batistuta | 0-0: Foul Ball, location: 2F 0-1: Swinging Strike 0-2: Ground out 3-1 (Groundball, 34) | Bottom of the 8th over - 0 runs, 0 hits, 0 errors, 0 left on base; Scottsdale 2 - State College 7 | TOP OF THE 9TH |
---|
Scottsdale Scorpions batting - Pitching for State College Spikes : LHP Joe Jewell | Batting: RHB Edgardo Gonzáles | 0-0: Foul Ball, location: 2F 0-1: Ball 1-1: Foul Ball, location: 2F 1-2: Ball 2-2: Strikes out swinging | Batting: LHB Pedro Díaz | 0-0: Foul Ball, location: 2F 0-1: Called Strike 0-2: Strikes out swinging | Batting: LHB Manny Vigil | 0-0: SINGLE (Line Drive, 9S) | Batting: RHB José Méndez | 0-0: Ball 1-0: Called Strike 1-1: Ball 2-1: Foul Ball, location: 2F 2-2: Strikes out swinging | Top of the 9th over - 0 runs, 1 hit, 0 errors, 1 left on base; Scottsdale 2 - State College 7 | |